 Dungeon Crawl Stone Soup version 0.25.0-3-gd7cc5688da (webtiles) character file.

Game seed: 12562610010770324789

29018 Dirian the Fencer (level 13, -23/113 HPs)
             Began as a Minotaur Fighter on June 15, 2020.
             Was a High Priest of Fedhas.
             Killed from afar by Azrael (26 damage)
             ... with damnation
             ... on level 13 of the Dungeon.
             The game lasted 00:35:37 (16345 turns).

Dirian the Fencer (Minotaur Fighter)               Turns: 16345, Time: 00:35:38

Health: -23/113    AC: 31    Str: 24    XL:     13   Next: 12%
Magic:  17/17      EV:  8    Int: 10    God:    Fedhas [*****.]
Gold:   512        SH: 19    Dex: 18    Spells: 12/12 levels left

rFire    + . .     SeeInvis .   b - +3 scimitar (protect)
rCold    . . .     Gourm    .   c - +1 kite shield
rNeg     . . .     Faith    .   C - +7 chain mail "Ruirym" {+Blink Str-2 Dex+8 Stlth+}
rPois    .         Spirit   .   (helmet restricted)
rElec    .         Reflect  +   B - +0 cloak
rCorr    .         Harm     .   F - +0 pair of gloves
MR       +....                  K - +1 pair of boots of Vuevuvong {+Inv rF+ Int+3}
Stlth    ..........             E - amulet of reflection
HPRegen  0.28/turn              k - ring of the First Queens {MR+ Int+2}
MPRegen  0.15/turn              (no ring)

@: protection aura
A: retaliatory headbutt, horns 2
a: Wall of Briars, Grow Ballistomycete, Overgrow, Grow Oklob, Renounce Religion,
Evoke Blink, Evoke Invisibility


You were on level 13 of the Dungeon.
You worshipped Fedhas.
Fedhas was extremely pleased with you.
You were very hungry.

You visited 1 branch of the dungeon, and saw 14 of its levels.

You collected 953 gold pieces.
You spent 441 gold pieces at shops.

Inventory:

Hand Weapons
 b - a +3 scimitar of protection (weapon)
 s - a +3 scimitar
 y - a +2 scimitar of freezing
Armour
 c - a +1 kite shield (worn)
 p - the +1 chain mail "Afaegg" {rF+ Int+3}
   (You found it on level 7 of the Dungeon)

   It affects your intelligence (+3).
   It protects you from fire.
 B - a +0 cloak (worn)
 C - the +7 chain mail "Ruirym" (worn) {+Blink Str-2 Dex+8 Stlth+}
   (You found it on level 10 of the Dungeon)

   It affects your strength (-2).
   It affects your dexterity (+8).
   It lets you blink.
   It makes you more stealthy.
 F - a +0 pair of gloves (worn)
 K - the +1 pair of boots of Vuevuvong (worn) {+Inv rF+ Int+3}
   (You bought it in a shop on level 13 of the Dungeon)

   It affects your intelligence (+3).
   It protects you from fire.
   It lets you turn invisible.
Jewellery
 k - the ring of the First Queens (left hand) {MR+ Int+2}
   (You found it on level 6 of the Dungeon)

   [ring of protection from magic]

   It affects your intelligence (+2).
   It affects your resistance to hostile enchantments.
 m - an uncursed amulet of the acrobat
 A - an uncursed ring of ice
 E - an amulet of reflection (around neck)
Wands
 f - a wand of enslavement (8)
 j - a wand of paralysis (24)
 D - a wand of disintegration (5)
 G - a wand of iceblast (6)
 M - a wand of clouds (9)
Scrolls
 l - 4 scrolls of enchant armour
 r - 7 scrolls of identify
 t - 5 scrolls of teleportation
 v - 2 scrolls of enchant weapon
 x - 7 scrolls of remove curse
 z - 3 scrolls of blinking
 I - a scroll of vulnerability {unknown}
 J - a scroll of brand weapon {unknown}
Potions
 a - 2 potions of berserk rage
 d - 2 potions of might
 g - 2 potions of flight
 h - 2 potions of haste
 i - 3 potions of cancellation
 n - 2 potions of lignification
 o - a potion of mutation
 q - 3 potions of curing
 u - 3 potions of invisibility
 w - a potion of heal wounds
 H - a potion of stabbing {unknown}
Comestibles
 e - 27 rations


   Skills:
 + Level 10.2 Fighting
 - Level 16.0 Long Blades
 + Level 10.5 Armour
 + Level 11.9 Shields
 * Level 7.9 Invocations
 - Level 4.5 Evocations


You had 12 spell levels left.
You didn't know any spells.
Your spell library contained the following spells:

 Spells                   Type           Power        Failure   Level  Hunger
 Magic Dart               Conj           #...         96%         1    ##.....
 Sandblast                Erth           #.....       96%         1    ##.....
 Passwall                 Tmut/Erth      #.......     99%         2    ###....
 Searing Ray              Conj           #.....       99%         2    ###....
 Dazzling Flash           Conj/Hex       #.....       100%        3    ####...
 Stone Arrow              Conj/Erth      #.....       100%        3    ####...
 Fulminant Prism          Conj/Hex       #.........   100%        4    #####..
 Iskenderun's Mystic Bla  Conj/Tloc      #.......     100%        4    #####..
 Petrify                  Tmut/Erth      #.......     100%        4    #####..
 Lee's Rapid Deconstruct  Erth           #.........   100%        5    ######.


Dungeon Overview and Level Annotations

Branches:
Dungeon (14/15)            Temple (0/1) D:6            Lair (0/6) D:11
    Orc (0/2) D:9
 Vaults: D:13-14

Altars:
Ashenzari
Elyvilon
Fedhas
Kikubaaqudgha
Okawaru
Qazlal
Sif Muna
Trog
Vehumet

Shops:
D:9 }   D:10 (   D:13 [

Annotations:
D:7 2 transporters, ketsa's ghost, novice MiBe
D:13 3 runed translucent doors, Azrael; Dirphi Vium's ghost, journeyman MiBe


Innate Abilities, Weirdness & Mutations

You reflexively headbutt those who attack you in melee.
You have a pair of horns on your head.


Message History

* * * LOW HITPOINT WARNING * * *
The damnation engulfs Azrael.
Azrael completely resists.
You feel much better. Azrael gestures at you.
The sphere of damnation explodes!
The damnation engulfs you!!
* * * LOW HITPOINT WARNING * * *
The damnation engulfs Azrael.
Azrael completely resists.
You completely miss Azrael.
Azrael is almost dead.
You block Azrael's attack.
You feel much better. Azrael gestures at you.
The sphere of damnation explodes!
The damnation engulfs you!!
* * * LOW HITPOINT WARNING * * *
The damnation engulfs Azrael.
Azrael completely resists.
Azrael blows smoke rings.
Azrael gestures at you.
The sphere of damnation explodes!
The damnation engulfs you!!
You die...
Fedhas appreciates your contribution to the ecosystem.

#.# ######... #.#
#.....##+ #.#
#.#####WD #.#
#.#..#♣}.
#.#########.#.##♣..
#..#.....#....# ♣..
##....###......###≈.
#..#....#.......###P
#..@R.#.#.......####
#.#.#...............
#.#.######..>...###.
#...# ##.##.## #.
###(# #.##.# #. #.#
#.##.####. #.#
#.##...... #.#
#.#######. #.#
#.........


You could see Azrael (fast).

Vanquished Creatures
  2 entropy weavers (D:13)
  2 hydras
  A catoblepas (D:11)
  A queen ant (D:13)
  2 two-headed ogres
  Urug (D:12)
  An unseen horror (D:12)
  3 deep elf magi
  2 manticores
  5 centaur skeletons
  A komodo dragon (D:13)
  A troll (D:13)
  A hornet (D:9)
  4 hippogriffs
  2 slime creatures
  5 wyverns (D:11)
  3 wraiths
  2 basilisks
  Sigmund (D:3)
  A fire elemental (D:14)
  22 yaks
  2 acid dragons
  A water moccasin (D:6)
  25 soldier ants (D:13)
  A hell hound (D:14)
  A swamp drake (D:9)
  5 orc warriors
  3 sky beasts
  3 ice beasts
  5 phantoms
  A black bear (D:7)
  An eye of draining (D:13)
  2 necrophages
  6 centaurs
  10 ogres
  2 crocodiles (D:11)
  A big kobold (D:12)
  12 bullfrogs
  A gnoll sergeant (D:13)
  A wyvern zombie (D:9)
  A water moccasin skeleton (D:6)
  8 scorpions
  17 wights
  6 killer bees (D:10)
  2 howler monkeys
  2 bullfrog zombies
  8 crimson imps
  2 centaur zombies (D:12)
  2 jellies
  4 quasits
  2 bullfrog skeletons
  6 hounds
  8 orc priests
  14 orc wizards
  6 human zombies (D:11)
  2 human skeletons (D:11)
  2 iguanas
  25 worker ants
  A worker ant zombie (D:8)
  Robin (D:2)
  10 gnolls
  A howler monkey skeleton (D:4)
  7 adders
  2 shadow imps
  An ooze (D:2)
  An adder zombie (D:5)
  3 worms
  2 adder skeletons
  4 dart slugs
  5 leopard geckos
  48 orcs
  6 bats
  6 giant cockroaches
  16 goblins
  6 hobgoblins
  4 jackals
  6 quokkas
  2 ball pythons
  A jackal zombie (D:7)
  7 kobolds
  A leopard gecko skeleton (D:4)
  A leopard gecko zombie (D:6)
  An orc skeleton (D:11)
  6 rats
412 creatures vanquished.

Vanquished Creatures (collateral kills)
  An ugly thing (D:11)
  9 ballistomycete spores
10 creatures vanquished.

Vanquished Creatures (others)
  A ballistomycete spore (D:12)
  9 plants
10 creatures vanquished.

Grand Total: 432 creatures vanquished

Notes
Turn   | Place    | Note
-------+----------+-------------------------------------------
     0 | D:1      | Dirian the Minotaur Fighter began the quest for the Orb.
     0 | D:1      | Reached XP level 1. HP: 19/19 MP: 0/0
   153 | D:1      | Reached XP level 2. HP: 27/27 MP: 1/1
   536 | D:1      | Reached skill level 3 in Long Blades
   886 | D:2      | Reached XP level 3. HP: 32/33 MP: 2/2
   942 | D:2      | Found a stormy altar of Qazlal.
  1081 | D:2      | Noticed Robin
  1084 | D:2      | Killed Robin
  1092 | D:2      | Reached skill level 4 in Long Blades
  1173 | D:2      | Found a faded altar of an unknown god.
  1355 | D:2      | Reached XP level 4. HP: 39/40 MP: 3/3
  1533 | D:2      | Found a radiant altar of Vehumet.
  1661 | D:3      | Found an iron altar of Okawaru.
  1784 | D:3      | Noticed Sigmund
  1802 | D:3      | Killed Sigmund
  1802 | D:3      | Reached skill level 5 in Long Blades
  1802 | D:3      | Reached XP level 5. HP: 35/46 MP: 4/4
  1911 | D:3      | Found a shimmering blue altar of Sif Muna.
  2004 | D:3      | Noticed a phantom
  2026 | D:3      | Killed a phantom
  2026 | D:3      | Reached skill level 6 in Long Blades
  2026 | D:3      | Reached XP level 6. HP: 14/53 MP: 5/5
  2371 | D:3      | Found a bloodstained altar of Trog.
  2982 | D:2      | Became a worshipper of Fedhas Madash
  2982 | D:2      | Reached * piety under Fedhas
  3205 | D:4      | You fall into a shaft and drop 1 floor!
  3205 | D:5      | Entered Level 5 of the Dungeon
  3205 | D:5      | Found a white marble altar of Elyvilon.
  3212 | D:5      | Reached skill level 7 in Long Blades
  3212 | D:5      | Reached skill level 5 in Armour
  3216 | D:5      | Reached XP level 7. HP: 45/60 MP: 6/6
  3426 | D:5      | Reached skill level 8 in Long Blades
  3426 | D:5      | Reached skill level 5 in Shields
  3727 | D:4      | Reached skill level 5 in Fighting
  3854 | D:4      | Reached skill level 9 in Long Blades
  3854 | D:4      | Reached XP level 8. HP: 68/68 MP: 7/7
  4023 | D:4      | Reached ** piety under Fedhas
  4565 | D:5      | Reached skill level 10 in Long Blades
  4839 | D:5      | Found a shattered altar of Ashenzari.
  5146 | D:6      | Got a bound golden ring
  5451 | D:6      | Reached skill level 11 in Long Blades
  5465 | D:6      | Reached skill level 1 in Invocations
  5465 | D:6      | Reached XP level 9. HP: 72/74 MP: 8/8
  5502 | D:6      | Reached *** piety under Fedhas
  5669 | D:6      | Found a staircase to the Ecumenical Temple.
  6284 | D:6      | Identified the ring of the First Queens {MR+ Int+2} (You
                  | found it on level 6 of the Dungeon)
  6453 | D:7      | Identified the +3 kite shield "Feremuekh" {+Fly rPois
                  | Regen+ Int+3}
  6470 | D:7      | Identified the ring of Huol {+Fly Str+3}
  6487 | D:7      | Found a transporter.
  6489 | D:7      | Noticed ketsa's ghost (novice MiBe)
  6493 | D:7      | Found a transporter.
  6543 | D:7      | Reached skill level 12 in Long Blades
  6588 | D:7      | Got a brightly glowing chain mail
  7068 | D:7      | Reached skill level 1 in Evocations
  7338 | D:7      | Identified the +1 chain mail "Afaegg" {rF+ Int+3} (You
                  | found it on level 7 of the Dungeon)
  7698 | D:8      | Reached XP level 10. HP: 74/84 MP: 11/11
  7713 | D:8      | Reached **** piety under Fedhas
  8110 | D:9      | Noticed a deep elf mage
  8592 | D:9      | Found Ipofokki's Gadget Boutique.
  8646 | D:9      | Reached skill level 13 in Long Blades
  8744 | D:9      | Killed a deep elf mage
  8953 | D:9      | Found a staircase to the Orcish Mines.
  9810 | D:10     | Entered Level 10 of the Dungeon
 10104 | D:10     | Got a spiked chain mail
 10401 | D:10     | Reached XP level 11. HP: 86/91 MP: 13/13
 10502 | D:10     | Identified the +7 chain mail "Ruirym" {+Blink Str-2 Dex+8
                  | Stlth+} (You found it on level 10 of the Dungeon)
 10512 | D:10     | Reached ***** piety under Fedhas
 10566 | D:10     | Found Osoqy's Weapon Shoppe.
 10784 | D:11     | Noticed a six-headed hydra
 10833 | D:11     | Killed a nine-headed hydra
 10833 | D:11     | Reached skill level 14 in Long Blades
 11021 | D:11     | Reached skill level 5 in Invocations
 11169 | D:11     | Found an ancient bone altar of Kikubaaqudgha.
 11469 | D:11     | Found a staircase to the Lair.
 11659 | D:11     | Noticed a two-headed ogre
 11670 | D:11     | Killed a two-headed ogre
 12252 | D:12     | Noticed a cyan ugly thing
 12258 | D:12     | Noticed a catoblepas
 12508 | D:11     | Killed a cyan ugly thing
 12711 | D:11     | Killed a catoblepas
 12711 | D:11     | Reached skill level 15 in Long Blades
 13026 | D:12     | Killed an unseen horror
 13026 | D:12     | Reached XP level 12. HP: 75/103 MP: 15/15
 13235 | D:12     | Found a shattered altar of Ashenzari.
 13535 | D:12     | Noticed Urug
 13557 | D:12     | Killed Urug
 13557 | D:12     | Reached skill level 10 in Shields
 13746 | D:13     | Found a runed translucent gate.
 13746 | D:13     | Found a runed translucent gate.
 13746 | D:13     | Found a runed translucent gate.
 13808 | D:13     | Noticed a 12-headed hydra
 13821 | D:13     | Noticed a 13-headed hydra
 13821 | D:13     | Noticed Dirphi Vium's ghost (journeyman MiBe)
 13836 | D:13     | Noticed an eight-headed hydra
 13847 | D:13     | Killed a 13-headed hydra
 14123 | D:13     | Reached skill level 10 in Armour
 14218 | D:13     | Found Xiqufug's Armour Shop.
 14240 | D:13     | Bought the +1 pair of boots of Vuevuvong {+Inv rF+ Int+3}
                  | for 441 gold pieces
 14591 | D:12     | HP: 5/104 [slime creature (15)]
 15029 | D:13     | Noticed a two-headed ogre
 15058 | D:13     | Killed a two-headed ogre
 15111 | D:13     | Reached skill level 16 in Long Blades
 15329 | D:13     | Noticed an entropy weaver
 15348 | D:13     | Killed an entropy weaver
 15632 | D:13     | Noticed an entropy weaver
 15651 | D:13     | Killed an entropy weaver
 15651 | D:13     | Reached skill level 10 in Fighting
 15651 | D:13     | Reached XP level 13. HP: 81/113 MP: 17/17
 16321 | D:14     | Noticed Azrael
 16345 | D:13     | HP: 3/113 [Azrael/damnation (27)]
 16345 | D:13     | Killed from afar by Azrael

Illustrated notes

Levels and vault maps discovered:
D:1:      minmay_arrival_open_corners, layout_basic
D:2:      layout_basic, marbit_many_paths, chequers_ecumenical_altar_island,
          grunt_qazlal_clouds, uniq_robin
D:3:      layout_basic, lemuel_blue_sif_altar, lightli_temple_of_fire,
          lemuel_round_altar, uniq_sigmund
D:4:      layout_basic
D:5:      layout_loops_ring, elyvilon_altar_5, first_ration,
          nicolae_ashenzari_panopticon
D:6:      layout_cave_pods, lemuel_temple_firewalk_b, kennysheep_nondescript
D:7:      layout_cave_pools, gammafunk_ghost_gnarly_gnolls, grunt_ogre_cave
D:8:      layout_rooms, minmay_joined_circles
D:9:      layout_roguey, erik_orc_1, serial_shops, kennysheep_mini_moat
D:10:     minmay_inner_zag, layout_gridville, serial_shops, shop, minivault_26
D:11:     layout_loops_ring, erik_lair_dragon,
          lemuel_mausoleum_altar_kikubaaqudgha
D:12:     layout_roguey, gauntlet_entry_generic, basic_altar, uniq_urug
D:13:     layout_loops_ring, serial_shops, shop_statue,
          gammafunk_ghost_hydra_chop, minivault_29
D:14:     layout_loops_ring, grunt_vaults_entry_tiered,
          infiniplex_staircase_hallway_doors, uniq_roxanne, uniq_azrael

Skill      XL: |  1  2  3  4  5  6  7  8  9 10 11 12 |
---------------+-------------------------------------+-----
Long Blades    | 3 4 5 6 7 9 11 12 13 15 16 | 16.0
Armour         | 4 5 6 7 8 9 10 | 10.5
Shields        | 4 5 6 7 8 9 11 | 11.9
Fighting       | 4 5 6 7 8 10 | 10.2
Invocations    | 1 3 4 6 7 |  7.9
Evocations     | 1 3 4 |  4.5

Action                   |  1- 3 |  4- 6 |  7- 9 | 10-12 | 13-15 || total
-------------------------+-------+-------+-------+-------+-------++-------
Melee: Long sword        |    98 |    71 |   339 |       |       ||   508
       Headbutt          |    11 |    13 |    77 |   240 |    37 ||   378
       Scimitar          |       |       |    62 |   848 |    89 ||   999
Invok: Grow Ballistomyce |       |       |       |     6 |       ||     6
       Wall of Briars    |       |       |       |     6 |       ||     6
Evoke: Wand              |       |       |       |     5 |       ||     5
  Use: Scroll            |       |    12 |     5 |    10 |       ||    27
       Potion            |       |       |       |     5 |     2 ||     7
  Eat: Chunk             |     2 |     4 |    13 |    16 |     2 ||    37
       Ration            |       |     1 |       |     3 |       ||     4
Armor: Scale mail        |    36 |     6 |       |       |       ||    42
       Chain mail        |       |     2 |   138 |   284 |    31 ||   455
Dodge: Dodged            |    26 |    19 |    79 |   164 |    16 ||   304
Block: Kite shield       |    50 |    23 |   201 |   531 |    57 ||   862
       Reflection        |       |       |       |     8 |       ||     8
       Rpst.: Long sword |     7 |     4 |    18 |       |       ||    29
       Scimitar          |       |       |     2 |    32 |     3 ||    37
